 Dungeon Crawl Stone Soup version 0.30.1-11-g7821555f0a (webtiles) character file.

Game seed: 8374410276830138061

116626 Wiggles the Executioner (level 16, -3/157 HPs)
             Began as a Minotaur Berserker on Nov 17, 2023.
             Was the Champion of Trog.
             Slain by Donald
             ... wielding a +5 long sword of freezing
              (26 damage)
             ... on level 2 of the Swamp.
             The game lasted 00:36:28 (22984 turns).

Wiggles the Executioner (Minotaur Berserker)       Turns: 22984, Time: 00:36:29

Health: -3/157     AC: 41    Str: 28    XL:     16   Next: 21%
Magic:  15/15      EV: 10    Int:  4    God:    Trog [******]
Gold:   2289       SH:  0    Dex: 12    Spells: 15/15 levels left

rFire   + . .        I - +9 executioner's axe (protect)
rCold   + . .        (shield currently unavailable)
rNeg    . . .        N - +2 plate armour {rPois}
rPois   +            (helmet restricted)
rElec   .            z - scarf {rC+ rF+}
rCorr   .            t - +2 pair of gloves
SInv    .            m - +2 pair of boots
Will    +....        (no amulet) Stlth
                     k - +4 ring of protection
HPRegen 0.46/turn    o - +4 ring of protection
MPRegen 0.14/turn

%: no passive effects
@: under a protective aura, very slow
A: horns 2, retaliatory headbutt
a: Renounce Religion, Berserk, Trog's Hand, Brothers in Arms


You were on level 2 of the Swamp.
You worshipped Trog.
Trog was exalted by your worship.
You visited 4 branches of the dungeon, and saw 24 of its levels.
You also visited: Volcano.

You collected 2757 gold pieces.
You spent 468 gold pieces at shops.

Inventory:

Hand Weapons
 c - a +8 battleaxe of freezing
 I - a +9 executioner's axe of protection (weapon)
Missiles
 C - a throwing net (quivered)
Armour
 m - a +2 pair of boots (worn)
 t - a +2 pair of gloves (worn)
 z - a scarf of resistance (worn)
 N - a +2 plate armour of poison resistance (worn)
 Q - the +10 tower shield of Ignorance {rN+ Int-4}
   (You found it on level 5 of the Lair of Beasts)

   Int:       It affects your intelligence (-4).
   rN:        It protects you from negative energy.
 R - +0 fire dragon scales
 T - a +1 cloak
Jewellery
 d - a ring of flight
 k - a +4 ring of protection (left hand)
 o - a +4 ring of protection (right hand)
 w - a +6 ring of intelligence
 D - a ring of willpower
 K - a ring of resist corrosion
 O - a +6 ring of strength
 P - a ring of see invisible
 S - an amulet of guardian spirit
Wands
 l - a wand of polymorph (3)
 n - a wand of light (15)
 y - a wand of charming (32)
 B - a wand of mindburst (5)
 E - a wand of iceblast (13)
 H - a wand of flame (32)
 M - a wand of digging (9)
Scrolls
 f - 2 scrolls of summoning
 i - a scroll of fear
 j - 10 scrolls of teleportation
 s - 2 scrolls of poison
 G - a scroll of silence
 J - 12 scrolls of identify
 L - a scroll of blinking
Potions
 a - 5 potions of berserk rage
 b - 12 potions of curing
 e - 6 potions of flight
 h - 3 potions of might
 p - 2 potions of invisibility
 q - 3 potions of lignification
 r - 3 potions of haste
 u - 3 potions of magic
 v - 2 potions of cancellation
 x - 4 potions of mutation
 A - 2 potions of resistance
 F - 2 potions of ambrosia
Miscellaneous
 g - a piece from Xom's chessboard (15/15)


   Skills:
 + Level 17.8 Fighting
 + Level 24.8 Axes
 + Level 15.4 Armour
 + Level 5.3 Dodging
 + Level 2.6 Stealth
 + Level 2.0 Unarmed Combat


You had 15 spell levels left.
You didn't know any spells.
Your spell library was empty.

Dungeon Overview and Level Annotations

Branches:
Dungeon (15/15)            Temple (0/1) D:4            Lair (5/5) D:10
  Swamp (2/4) Lair:2       Spider (0/4) Lair:3        Slime (0/5) Lair:5
    Orc (2/2) D:10            Elf (0/3) Orc:2        Vaults (0/5) D:13
 Depths (0/4) D:15        Volcano (visited)

Altars:
Ashenzari
Gozag
Hepliaklqana
Kikubaaqudgha
Nemelex Xobeh
Okawaru
Ru
Trog
Uskayaw
Xom
Jiyva

Shops:
D:2 ?   Orc:1 =   Orc:2 =*([

Portals:
Trove: D:10 (give 2 scrolls of acquirement)

Annotations:
Swamp:2 Donald


Innate Abilities, Weirdness & Mutations

You have a pair of horns on your head.
You reflexively headbutt those who attack you in melee.


Message History

You kill the hornet!
Trog accepts your kill.
The spriggan falls from its now dead mount.
The swamp dragon bites you but does no damage.
The swamp dragon claws you but does no damage.
The swamp dragon barely misses you.
You barely miss the swamp dragon.
You headbutt the swamp dragon, but do no damage.
The swamp dragon is heavily wounded.
You carve the spriggan like a ham!!!
You kill the spriggan!
Trog accepts your kill.
You hear a splash.
You carve the tyrant leech like a ham!!!
You kill the tyrant leech!
Trog accepts your kill. Donald blocks your attack.
Donald hits you but does no damage.
You slice the swamp dragon!!
You kill the swamp dragon!
Trog accepts your kill.
You closely miss Donald.
Donald hits you with a +5 long sword of freezing.
* * * LOW HITPOINT WARNING * * *
Donald freezes you.
* * * LOW HITPOINT WARNING * * *
You enter the shallow water.
Moving in this stuff is going to be slow.
You see here a swamp dragon corpse.
Donald blocks your attack.
Your headbutt misses Donald. Donald hits you but does no damage.
Your unstable footing causes you to fumble your attack.
Donald gestures wildly while chanting.
Donald seems to grow stronger.
Donald blocks your attack.
Donald says, "If I tell you I hate magic, will you worship me?"
Donald barely misses you. Donald hits you but does no damage.
Donald blocks your attack.
You headbutt Donald.
Donald is lightly wounded.
Donald hits you with a +5 long sword of freezing!!
You die...

♣♣.♣.♣♣♣~.. ♣~~♣
♣...~<..~.. ..~.♣
♣.♣...♣...♣ ~..~..
♣>♣♣♣♣.♣♣♣♣ ~.~~§~
♣♣.♣♣.♣♣♣ ♣ ~..~~.♣
♣♣.[♣§.~♣
~~~~~..♣♣♣♣♣$.....♣♣♣♣♣♣
~.~~~.~†♣♣..~~.♣.~♣♣.♣.♣
♣.~♣@.>.~~~.♣P....~~.
♣~~~@w.~~~~.~P..~..~♣
♣..~†).~~..~....~~.♣≈
♣..~~~~♣.~.♣.~~P.♣...≈≈
..~~..~...♣♣♣.~.P~....♣≈
~~~.~~~.♣♣♣ ♣.~...♣.♣.♣♣
~~~§~.~.♣ ♣~~~~..♣♣♣♣♣♣
~~~~~...♣ ♣~~♣§...
..~..~~.♣ ~~~.


You could see Donald (fast, strong, reflecting) and a swamp worm.

Vanquished Creatures
  A thorn hunter (Swamp:2)
  Kirke (D:14)
  An eleionoma (Swamp:1)
  Nessos (D:14)
  A bunyip (Swamp:2)
  A shambling mangrove (Swamp:2)
  Snorg (D:14)
  A fire dragon (Lair:5)
  An ogre mage (D:13)
  11 hydras
  7 boulder beetles
  3 two-headed ogres
  4 centaur warriors
  The ghost of Grendle the Covert, a journeyman SpBr of Dithmenos (Lair:3)
  2 alligators (Swamp:1)
  A hell hog (Volcano)
  A catoblepas (Lair:5)
  3 death yaks (Lair:5)
  3 orc high priests (Orc:2)
  A tengu warrior (D:13)
  A fire crab (Volcano)
  A goliath frog (Swamp:2)
  5 skeletal warriors (D:12)
  2 skysharks
  A swamp dragon (Swamp:2)
  2 spriggan druids (Swamp:1)
  Lodul (D:12)
  2 bog bodies (Swamp:1)
  A necromancer (D:15)
  3 wizards
  A deep elf archer (D:13)
  A wolf spider zombie (D:15)
  A lindwurm (Lair:5)
  3 orc knights
  8 orc sorcerers
  4 deep elf pyromancers
  A deep elf zephyrmancer (D:13)
  3 manticores
  5 ugly things
  A cyclops (D:11)
  A rust devil (D:11)
  2 ice statues (Lair:3)
  28 elephants
  8 black mambas
  2 molten gargoyles (Lair:5)
  13 cane toads
  A smoke demon (D:11)
  3 gargoyles
  A rime drake (Lair:3)
  A centaur skeleton (D:15)
  A kobold demonologist (D:11)
  An unseen horror (D:12)
  An ice devil (D:11)
  An efreet (D:14)
  17 komodo dragons
  6 yaktaurs
  A red devil (D:11)
  8 trolls
  2 polar bears
  A harpy zombie (D:15)
  8 hornets
  A polar bear (shapeshifter) (D:15)
  3 tyrant leeches
  19 blink frogs
  10 slime creatures
  2 meliai zombies (D:15)
  Sigmund (D:2)
  A jumping spider (shapeshifter) (D:14)
  2 vampires
  A shadow (D:11)
  9 spriggans
  11 wyverns
  3 hogs (D:14)
  33 yaks
  6 basilisks
  9 fire bats (Volcano)
  4 steam dragons
  16 vampire mosquitoes
  6 swamp worms
  2 wargs
  Duvessa (D:4)
  An acid dragon (D:13)
  6 hell hounds
  20 water moccasins
  2 swamp drakes
  4 black bears
  30 orc warriors
  A sky beast (D:7)
  19 ogres
  6 centaurs
  13 wolves
  4 kobold brigands
  3 necrophages (D:10)
  13 bullfrogs
  2 scorpions
  7 wights
  Dowan (D:4)
  17 killer bees
  3 howler monkeys
  5 lava snakes (Lair:5)
  5 centaur zombies (D:10)
  2 quasits (D:11)
  4 hounds
  10 orc priests
  A sleepcap (D:6)
  A human zombie (D:10)
  2 gnoll boudas (D:8)
  8 jellies
  5 iguanas
  26 orc wizards
  2 mummies (D:10)
  A howler monkey zombie (D:10)
  8 gnolls
  7 adders
  6 worms
  2 dart slugs
  64 orcs
  7 ball pythons
  2 bats (D:1)
  7 endoplasms
  3 giant cockroaches
  12 goblins
  5 hobgoblins
  5 jackals
  8 quokkas
  5 frilled lizards
  20 kobolds
  6 rats
  A butterfly (Lair:2)
732 creatures vanquished.

Vanquished Creatures (collateral kills)
  An orc warlord (Orc:2)
1 creature vanquished.

Vanquished Creatures (others)
  A human (D:14)
1 creature vanquished.

Grand Total: 734 creatures vanquished

Notes
Turn   | Place    | Note
-------+----------+-------------------------------------------
     0 | D:1      | Wiggles the Minotaur Berserker began the quest for the Orb.
     0 | D:1      | Reached XP level 1. HP: 19/19 MP: 0/0
   256 | D:1      | Reached skill level 4 in Axes
   259 | D:1      | Reached XP level 2. HP: 27/27 MP: 1/1
   466 | D:1      | Reached XP level 3. HP: 33/33 MP: 2/2
   803 | D:1      | Reached ** piety under Trog
  1203 | D:2      | Noticed Sigmund
  1210 | D:2      | Killed Sigmund
  1211 | D:2      | Reached skill level 5 in Fighting
  1211 | D:2      | Reached skill level 5 in Axes
  1211 | D:2      | Reached XP level 4. HP: 42/42 MP: 3/3
  1211 | D:2      | Reached XP level 5. HP: 48/48 MP: 4/4
  1265 | D:2      | Found Wameob's Magic Scroll Shop.
  2555 | D:4      | Noticed Dowan
  2556 | D:4      | Noticed Duvessa
  2564 | D:4      | Killed Duvessa
  2565 | D:4      | Reached skill level 6 in Axes
  2565 | D:4      | Reached XP level 6. HP: 57/57 MP: 5/5
  2576 | D:4      | Killed Dowan
  3058 | D:4      | Reached *** piety under Trog
  3059 | D:4      | Reached skill level 1 in Stealth
  3059 | D:4      | Reached XP level 7. HP: 60/63 MP: 6/6
  3089 | D:4      | Found a staircase to the Ecumenical Temple.
  3164 | D:4      | Reached skill level 7 in Axes
  3420 | D:5      | Entered Level 5 of the Dungeon
  3729 | D:5      | Reached skill level 8 in Axes
  3741 | D:5      | Reached skill level 5 in Armour
  3741 | D:5      | Reached XP level 8. HP: 25/71 MP: 7/7
  3928 | D:5      | Found an iron altar of Okawaru.
  4051 | D:5      | Found an opulent altar of Gozag.
  4179 | D:5      | Found a sparkling altar of Nemelex Xobeh.
  4329 | D:5      | Found a hazy altar of Hepliaklqana.
  4405 | D:5      | Reached skill level 9 in Axes
  4852 | D:6      | Reached skill level 10 in Axes
  5320 | D:7      | Reached XP level 9. HP: 79/79 MP: 8/8
  5443 | D:7      | Reached **** piety under Trog
  5564 | D:7      | Reached skill level 11 in Axes
  6060 | D:8      | Reached skill level 12 in Axes
  6228 | D:8      | Found a shimmering altar of Xom.
  6323 | D:8      | Reached XP level 10. HP: 87/91 MP: 9/9
  6631 | D:8      | Found a sacrificial altar of Ru.
  6703 | D:9      | Noticed a two-headed ogre
  6709 | D:9      | Killed a two-headed ogre
  6710 | D:9      | Reached skill level 13 in Axes
  6986 | D:9      | Noticed a moth of wrath
  6988 | D:9      | Found a bloodstained altar of Trog.
  6995 | D:9      | Reached ***** piety under Trog
  7441 | D:10     | Entered Level 10 of the Dungeon
  7530 | D:10     | Reached skill level 14 in Axes
  7594 | D:10     | Found a hide-covered altar of Uskayaw.
  7597 | D:10     | Noticed a +0 hand axe
  7598 | D:10     | Noticed a +0 dagger
  7636 | D:10     | Found a portal to a secret trove of treasure.
  7654 | D:10     | Found a staircase to the Orcish Mines.
  7953 | D:10     | Found a staircase to the Lair.
  8164 | D:10     | Found an ancient bone altar of Kikubaaqudgha.
  8202 | D:10     | Reached skill level 10 in Fighting
  8202 | D:10     | Reached skill level 15 in Axes
  8202 | D:10     | Reached XP level 11. HP: 99/99 MP: 10/10
  8428 | D:11     | Noticed a boulder beetle
  8441 | D:11     | Killed a boulder beetle
  8700 | D:11     | Noticed a boulder beetle
  8710 | D:11     | Killed a boulder beetle
  8711 | D:11     | Reached skill level 16 in Axes
  8865 | D:11     | Noticed a two-headed ogre
  8873 | D:11     | Killed a two-headed ogre
  8874 | D:11     | Reached skill level 10 in Armour
  9163 | D:11     | Identified the +1 plate armour "Kuwn" {rF+ Will- Int+3
                  | Stlth+}
  9239 | D:11     | Reached skill level 17 in Axes
  9243 | D:11     | Received a gift from Trog
  9370 | D:11     | Noticed a boulder beetle
  9399 | D:11     | Killed a boulder beetle
  9400 | D:11     | Reached XP level 12. HP: 85/110 MP: 11/11
  9409 | D:11     | Noticed a two-headed ogre
  9414 | D:11     | Killed a two-headed ogre
  9706 | Lair:1   | Entered Level 1 of the Lair of Beasts
 10124 | Lair:1   | You fall into a shaft and drop 1 floor!
 10132 | Lair:2   | Reached skill level 18 in Axes
 10160 | Lair:2   | Found a staircase to the Swamp.
 10981 | Lair:1   | Identified a scroll of acquirement
 10981 | Lair:1   | Acquired a +2 plate armour of poison resistance
 11326 | Lair:2   | Reached skill level 19 in Axes
 11742 | Lair:3   | Found a hole to the Spider Nest.
 11802 | Lair:3   | Found a transporter.
 11807 | Lair:3   | Noticed a seven-headed hydra
 11807 | Lair:3   | Noticed Grendle's ghost (journeyman SpBr)
 11915 | Lair:3   | Found a transporter.
 11932 | Lair:3   | Reached ****** piety under Trog
 11940 | Lair:3   | Reached XP level 13. HP: 60/122 MP: 12/12
 12529 | Lair:3   | Killed Grendle's ghost
 12530 | Lair:3   | Reached skill level 20 in Axes
 13015 | Lair:4   | Received a gift from Trog
 13385 | Lair:4   | Found a dark tunnel.
 13400 | Volcano  | Entered a volcano
 13452 | Volcano  | Reached skill level 21 in Axes
 13962 | Lair:5   | Entered Level 5 of the Lair of Beasts
 14113 | Lair:5   | Found a viscous altar of Jiyva.
 14113 | Lair:5   | Found a staircase to the Slime Pits.
 14133 | Lair:5   | Reached XP level 14. HP: 74/132 MP: 13/13
 14639 | Lair:5   | Reached skill level 22 in Axes
 14646 | Lair:5   | Received a gift from Trog
 14947 | Lair:5   | Found the +10 tower shield of Ignorance {rN+ Int-4}
 15188 | Lair:5   | Found a large runed translucent door.
 15189 | Lair:5   | Found a large runed translucent door.
 15586 | Lair:5   | Identified the +4 ring mail "Ezudul Opeme" {Slay+3}
 15979 | D:12     | Reached skill level 15 in Fighting
 16531 | D:12     | Noticed Lodul
 16536 | D:12     | Received a gift from Trog
 16539 | D:12     | Killed Lodul
 16666 | D:12     | Reached skill level 23 in Axes
 16965 | D:13     | Reached XP level 15. HP: 138/143 MP: 14/14
 17160 | D:13     | Found a gate to the Vaults.
 17878 | D:14     | Noticed Snorg
 17884 | D:14     | Killed Snorg
 17892 | D:14     | Noticed Nessos
 17941 | D:14     | Killed Nessos
 17941 | D:14     | Received a gift from Trog
 18103 | D:14     | Noticed Kirke
 18139 | D:14     | Killed Kirke
 18676 | D:14     | Reached skill level 1 in Unarmed Combat
 18689 | D:14     | Reached skill level 24 in Axes
 18691 | D:14     | Reached skill level 5 in Dodging
 19268 | D:15     | Entered Level 15 of the Dungeon
 19950 | D:15     | Found a staircase to the Depths.
 20335 | Orc:1    | Entered Level 1 of the Orcish Mines
 20424 | Orc:1    | Found Oconuhyi's Jewellery Shoppe.
 20543 | Orc:1    | Received a gift from Trog
 20721 | Orc:2    | Entered Level 2 of the Orcish Mines
 20722 | Orc:2    | Found Acim's General Store.
 20722 | Orc:2    | Found a staircase to the Elven Halls.
 20746 | Orc:2    | HP: 7/146 [orc warlord/+0 war axe (26)]
 21148 | Orc:2    | Found Jimap's Antique Weapon Shoppe.
 21150 | Orc:2    | Found Xaentuck's Antique Armour Shoppe.
 21349 | Orc:2    | Found Ofoubb's Jewellery Boutique.
 21373 | Orc:2    | Bought a +6 ring of strength for 468 gold pieces
 21819 | Swamp:1  | Entered Level 1 of the Swamp
 21889 | Swamp:1  | Received a gift from Trog
 22114 | Swamp:1  | Reached skill level 15 in Armour
 22333 | Swamp:1  | Reached XP level 16. HP: 154/155 MP: 15/15
 22869 | Swamp:1  | Found a broken altar of Ashenzari.
 22945 | Swamp:2  | Noticed a thorn hunter
 22957 | Swamp:2  | Killed a thorn hunter
 22971 | Swamp:2  | Noticed Donald
 22984 | Swamp:2  | Slain by Donald

Illustrated notes

Levels and vault maps discovered:
D:1:      minmay_arrival_open_corners, layout_loops_corners,
          minmay_misc_feat_nine_boxes
D:2:      layout_rooms, serial_shops, shop, uniq_sigmund
D:3:      layout_basic
D:4:      cheibrodos_greedy_goblins, layout_basic,
          minmay_temple_entry_statues_pillars, hangedman_decor_slide_cut,
          uniq_duvessa
D:5:      minmay_chambers_of_fours, layout_basic, mainiacjoe_overflow_boulevard,
          chequers_temple_overflow_statue_of_worship,
          nicolae_gozag_cash_rules_everything_around_me, grunt_ministairs_3
D:6:      layout_loops_ring
D:7:      layout_rooms
D:8:      layout_loops_ring, general_overflow_altar, lemuel_tele_altar,
          feat_on_display
D:9:      layout_roguey, tgw_trog
D:10:     layout_basic, dancing_weapons_uskayaw,
          lemuel_mausoleum_altar_kikubaaqudgha, lair_entry_dummy, erik_orc_1,
          nicolae_trove_entry_free_sample
D:11:     nzn_winding_woodlands_medium [nzn_winding_woodlands_5x5_cross,
          nzn_winding_woodlands_5x15_lazy_stream,
          nzn_winding_woodlands_5x5_perimeter, nzn_winding_woodlands_5x5_three,
          nzn_winding_woodlands_center_lodge,
          nzn_winding_woodlands_5x5_checkerboard,
          nzn_winding_woodlands_5x5_open_star,
          nzn_winding_woodlands_5x15_sawtooth,
          nzn_winding_woodlands_5x5_closed_star], layout_basic, serial_demonic,
          serial_demonic_c, serial_demonic_d, serial_demonic_b, serial_demonic_g
D:12:     layout_roguey, serial_curves, eino_curves_01, eino_curves_01,
          uniq_lodul
D:13:     layout_roguey, hangedman_vaults_entry_quadrant_bands,
          dreamdust_princess_bridge
D:14:     layout_cave_pools, chequers_serial_rivers_large_a, uniq_snorg,
          uniq_kirke, uniq_nessos
D:15:     grunt_enter_depths_magical_seal, layout_irregular_city,
          ebering_dispersal_statue_hall
Lair:1:   layout_chaotic_city, grunt_forest_large_clearings
Lair:2:   layout_cave_pods, swamp_mist, lemuel_fruit_fields
Lair:3:   layout_hall_layers, spider_nest_entry_web_field, nzn_ghost_randoct,
          grunt_forest_stairs_clearing
Lair:4:   layout_regular_city, nicolae_volcano_entry_lava_flow,
          lemuel_fruit_tree, lemuel_fruit_fields, serial_bayou_shore_a
Lair:5:   cheibrodos_lair_end_hotspot, layout_loops_ring,
          nicolae_slime_entry_field_trip
Swamp:1:  layout_basic_swamp, evilmike_swamp_ruin_rubble_1,
          nicolae_swamp_godswood, swamp_pool1, infiniplex_staircase_pool
Swamp:2:  layout_falls_marsh, evilmike_swamp_ruin_house_2, swamp_pool2,
          uniq_donald
Orc:1:    layout_caves, serial_shops, nicolae_shop_getting_attention,
          lemuel_statue_altar
Orc:2:    grunt_orc_gardens, layout_diamond_mine, grunt_orc_garden,
          grunt_orc_garden, grunt_orc_garden, grunt_orc_garden

Skill      XL: |  1  2  3  4  5  6  7  8  9 10 11 12 13 14 15 |
---------------+----------------------------------------------+-----
Axes           | 4 5 6 8 10 12 15 17 19 21 23 24 | 24.8
Fighting       | 4 5 6 7 9 10 11 13 14 15 17 | 17.8
Dodging        | 3 4 5 |  5.3
Armour         | 3 5 6 8 9 10 11 13 14 15 | 15.4
Stealth        | 1 2 |  2.6
Unarmed Combat | 2 |  2.0

Action                     |  1- 3 |  4- 6 |  7- 9 | 10-12 | 13-15 | 16-18 || total
---------------------------+-------+-------+-------+-------+-------+-------++-------
  Melee: Hand axe          |    55 |   119 |   245 |       |       |       ||   419
         Headbutt          |     8 |    17 |    40 |    64 |   167 |    17 ||   313
         Punch             |       |       |     3 |       |       |       ||     3
         Battleaxe         |       |       |    31 |   240 |       |       ||   271
         Executioner's axe |       |       |       |   130 |   767 |    82 ||   979
         Unarmed           |       |       |       |       |    23 |       ||    23
 Invoke: Berserk           |     2 |     1 |     4 |     1 |     3 |       ||    11
         Brothers in Arms  |       |       |       |       |     1 |       ||     1
    Use: Scroll            |       |       |    17 |     9 |    13 |       ||    39
         Potion            |       |       |       |       |    11 |       ||    11
   Stab: Distracted        |       |     1 |       |       |       |       ||     1
         Petrified         |       |       |       |       |     3 |       ||     3
         Invisible         |       |       |       |       |     2 |       ||     2
         Confused          |       |       |       |       |     1 |       ||     1
 Armour: Animal skin       |     3 |     8 |       |       |       |       ||    11
         Plate armour      |       |    45 |   240 |   324 |   856 |    87 ||  1552
         Skin              |       |       |       |       |     1 |       ||     1
  Dodge: Dodged            |    34 |    39 |   108 |   184 |   420 |    51 ||   836
